 Dungeon Crawl Stone Soup version 0.27.1-4-g1640c2035a (webtiles) character file.

Game seed: 4741167763795416657

51 Stomo444 the Skirmisher (level 3, 32/32 HPs)
             Began as an Ogre Monk on Nov 10, 2021.
             Quit the game on level 5 of the Dungeon.
             The game lasted 00:01:57 (2053 turns).

Stomo444 the Skirmisher (Ogre Monk)                 Turns: 2053, Time: 00:01:57

Health: 32/32      AC:  3    Str: 16    XL:     3   Next: 83%
Magic:  3/3        EV: 11    Int: 13    God:
Gold:   132        SH:  0    Dex: 17    Spells: 2/2 levels left

rFire    . . .     SeeInvis .   a - +0 mace
rCold    . . .     Faith    .   (no shield)
rNeg     . . .     Spirit   .   b - +0 robe
rPois    .         Reflect  .   (helmet restricted)
rElec    .         Harm     .   (no cloak)
rCorr    .         Rampage  .   (gloves unavailable)
Will     .....     Clarity  +   (boots unavailable)
Stlth    ++........             (no amulet)
HPRegen  0.10/turn              k - +6 ring of dexterity
MPRegen  0.08/turn              (no ring)

@: no status effects
A: large, unfitting armour, tough skin 1, clarity, clever 1, frail 2
a: no special abilities


You were on level 5 of the Dungeon.
You visited 1 branch of the dungeon, and saw 4 of its levels.

You collected 132 gold pieces.

Inventory:

Hand Weapons
 a - a +0 mace (weapon)
Armour
 b - a +0 robe (worn)
Jewellery
 k - a +6 ring of dexterity (left hand)
Wands
 i - a wand of iceblast (9)
Scrolls
 f - 2 scrolls of identify {unknown}
 h - a scroll of amnesia {unknown}
 j - a scroll of enchant weapon {unknown}
Potions
 c - a potion of haste {unknown}
 d - a potion of heal wounds {unknown}
 g - a potion of curing {unknown}


   Skills:
 + Level 4.8 Fighting
 + Level 3.2 Maces & Flails
 + Level 3.2 Dodging
 - Level 1.4 Stealth


You had 2 spell levels left.
You didn't know any spells.
Your spell library contained the following spells:

 Spells                   Type           Power      Damage    Failure   Level
 Frozen Ramparts          Ice            0%         1d2       67%         3
 Ice Form                 Ice/Tmut       0%         N/A       97%         4
 Summon Ice Beast         Ice/Summ       0%         N/A       97%         4


Dungeon Overview and Level Annotations

Branches:
Dungeon (3/15)

Altars:
Gozag


Innate Abilities, Weirdness & Mutations

You are too large for most types of armour.
You have tough skin. (AC +1)
You possess an exceptional clarity of mind.
Your mind is acute. (Int +2)
You are very frail. (-20% HP)


Message History

No target in view!
No target in view!
No target in view!
No target in view!
No target in view!
e - 2 viscous golden potions (gained 1)
j - a scroll labelled KOZXUDEFUA
Found a notched golden ring.
Found a stone staircase leading down.
k - a +6 ring of dexterity
Things that are here:
a stone; a +0 short sword; a kobold skeleton An ogre comes into view.
It is wielding a +0 giant club.
Found a tapered copper wand.
Found a stone staircase leading down.
An ogre is nearby!
You feel agile.
k - a +6 ring of dexterity (left hand)
The ogre shouts!
An ogre is nearby!
An ogre is nearby!
An ogre is nearby!
An ogre is nearby!
You fall into a shaft and drop 2 floors!
The shaft crumbles and collapses.
An ogre comes into view. It is wielding a +0 giant club.
The ogre shouts!
Found a leather armour.
Found an escape hatch in the floor.
Okay, then.
Sorry, you're not good enough to have a special ability.
It was a potion of mutation.
You feel extremely strange.
You feel the urge to shout.
Your toenails lengthen and sharpen.
You feel resistant to poisons.
Okay, then.
Really quaff the potion of mutation?
Uppercase [Y]es or [N]o only, please.
Really quaff the potion of mutation?
You feel extremely strange.
You feel less resistant to poisons.
Your talons dull and shrink into feet.
Your urge to shout disappears.
You feel frail.
You feel clever.
You feel frail.
Your thoughts seem clearer.
Are you sure you want to abandon this character and quit the game? (Confirm with "yes".)

. . .#. ..>
###.##
#....## .
#.....#
....#.....#
......O@#
.........[#
..........#
......##....
##.... ....#
#.... ...##
..... ....
..... .....


You could see an ogre.

Vanquished Creatures
  An adder (D:2)
  A dart slug (D:1)
  5 bats
  3 endoplasms
  3 giant cockroaches
  4 goblins
  3 hobgoblins
  5 kobolds
  8 ball pythons
  6 rats
39 creatures vanquished.

Notes
Turn   | Place    | Note
-------+----------+-------------------------------------------
     0 | D:1      | Stomo444 the Ogre Monk began the quest for the Orb.
     0 | D:1      | Reached XP level 1. HP: 24/24 MP: 1/1
   293 | D:1      | Reached XP level 2. HP: 26/32 MP: 2/2
  1083 | D:2      | Reached XP level 3. HP: 40/40 MP: 3/3
  1098 | D:2      | Found an opulent altar of Gozag.
  1515 | D:2      | You fall into a shaft and drop 1 floor!
  2048 | D:3      | Noticed an ogre
  2050 | D:3      | You fall into a shaft and drop 2 floors!
  2050 | D:5      | Entered Level 5 of the Dungeon
  2050 | D:5      | Noticed an ogre
  2051 | D:5      | Gained mutation: You occasionally shout uncontrollably at
                  | your foes. [potion of mutation]
  2051 | D:5      | Gained mutation: You have sharp toenails. [potion of
                  | mutation]
  2051 | D:5      | Gained mutation: Your system is resistant to poisons.
                  | (rPois) [potion of mutation]
  2052 | D:5      | Lost mutation: Your system is resistant to poisons. (rPois)
                  | [potion of mutation]
  2052 | D:5      | Lost mutation: You have sharp toenails. [potion of
                  | mutation]
  2052 | D:5      | Lost mutation: You occasionally shout uncontrollably at
                  | your foes. [potion of mutation]
  2052 | D:5      | Gained mutation: You are frail. (-10% HP) [potion of
                  | mutation]
  2052 | D:5      | Gained mutation: Your mind is acute. (Int +2) [potion of
                  | mutation]
  2052 | D:5      | Gained mutation: You are very frail. (-20% HP) [potion of
                  | mutation]
  2052 | D:5      | Gained mutation: You possess an exceptional clarity of
                  | mind. [potion of mutation]
  2053 | D:5      | Quit the game

Illustrated notes

Levels and vault maps discovered:
D:1:      denvon_arrival_waterhouse, layout_basic
D:2:      minmay_angry_zag, layout_basic, basic_altar
D:3:      layout_basic, serial_rivers, chequers_serial_rivers_marsh,
          chequers_serial_rivers_small_a, chequers_serial_rivers_micro_a,
          chequers_serial_rivers_micro_e, st_stairs_4, uniq_robin, uniq_ijyb,
          uniq_grinder
D:5:      layout_cave_pools, minmay_manual_monolith

Skill      XL: |  1  2 |
---------------+-------+-----
Dodging        | 3 |  3.2
Maces & Flails | 3 |  3.2
Fighting       | |  4.8
Stealth        | |  1.4

Action                   || total
-------------------------++-------
Melee: Mace              ||   117
  Use: Potion            ||     2
 Stab: Sleeping          ||     3
Armor: Robe              ||    50
Dodge: Dodged            ||    73
